 Dungeon Crawl Stone Soup version 0.19-a0-628-g9200b3b (webtiles) character file.

42 georgeearnest the Skirmisher (level 3, 0/49 HPs)
             Began as a Hill Orc Fighter on June 13, 2016.
             Succumbed to an adder's poison
             ... on level 2 of the Dungeon.
             The game lasted 00:01:38 (1476 turns).

georgeearnest the Skirmisher (Hill Orc Fighter)     Turns: 1476, Time: 00:01:39

Health: 0/49       AC:  7    Str: 24    XL:     3   Next: 54%
Magic:  3/3        EV:  7    Int: 13    God:
Gold:   101        SH:  9    Dex: 10    Spells: 0 memorised, 2 levels left

rFire  . . .     SeeInvis .     a - +0 war axe
rCold  . . .     Gourm    .     m - +0 scale mail (curse)
rNeg   . . .     Faith    .     c - +0 shield
rPois  .         Spirit   .     (no helmet)
rElec  .         Dismiss  .     (no cloak)
rCorr  +         Reflect  .     (no gloves)
SustAt .         Harm     .     (no boots)
MR     .....                    (no amulet)
Stlth  ..........               (no ring)
                                k - ring of resist corrosion

@: brilliant, berserking, lethally poisoned (0 -> -7), very quick, not resistant
to hostile enchantments, extremely unstealthy
A: no striking features
a: no special abilities


You were on level 2 of the Dungeon.
You were not hungry.

You visited 1 branch of the dungeon, and saw 2 of its levels.

You collected 101 gold pieces.

Inventory:

Hand Weapons
 a - a +0 war axe (weapon)
Armour
 c - a +0 shield (worn)
 m - a cursed +0 scale mail (worn)
Jewellery
 k - a ring of resist corrosion (left hand)
Scrolls
 b - 2 scrolls of identify {unknown}
 e - a scroll of noise {unknown}
 i - a scroll of blinking {unknown}
 j - 3 scrolls of remove curse {unknown}
 n - a scroll of recharging {unknown}
 o - a scroll of enchant armour {unknown}
Potions
 d - a potion of might
 l - a potion of flight {unknown}
Comestibles
 f - a bread ration
 p - a meat ration


   Skills:
 + Level 3.9 Fighting
 + Level 3.0 Axes
 + Level 3.9 Armour
 + Level 0.5 Dodging
 + Level 3.7 Shields


You had 2 spell levels left.
You didn't know any spells.

Dungeon Overview and Level Annotations

Branches:
Dungeon (2/15)

Altars:
Okawaru
The Shining One


Message History

The adder poisons you! The adder bites you but does no damage.
The ooze jiggles.
It was a potion of brilliance.
You feel clever all of a sudden.
* * * LOW HITPOINT WARNING * * *
You feel sick. The adder bites you.
* * * LOW HITPOINT WARNING * * *
It was a potion of berserk rage.
A red film seems to cover your vision as you go berserk!
You feel yourself moving faster!
You feel mighty!
* * * LOW HITPOINT WARNING * * *
You feel sick. You block the adder's attack.
You barely miss the adder.
The adder is severely wounded.
* * * LOW HITPOINT WARNING * * *
You feel sick. The adder bites you but does no damage.
You block the adder's attack.
You closely miss the adder.
The adder is severely wounded.
You die...

#.##.##..........
#................
####........#####
########..........#
.................##
#
###.####..........
. #........... #
###.###.##...##..#
#...JS@.....###..#
?..####†####.# #..#
... .# ..... .#
....... ...._....
.#.....$.#.
..#.......#.#


You could see an ooze and an adder.

Vanquished Creatures
  An adder (D:2)
  A dart slug (D:1)
  A ball python (D:1)
  2 giant cockroaches
  5 goblins
  3 hobgoblins
  4 jackals (D:1)
  A quokka (D:2)
  3 bats
  A giant newt (D:1)
  4 kobolds
  A rat (D:1)
27 creatures vanquished.

Notes
Turn   | Place    | Note
--------------------------------------------------------------
     0 | D:1      | georgeearnest the Hill Orc Fighter began the quest for the Orb.
     0 | D:1      | Reached XP level 1. HP: 19/19 MP: 1/1
    95 | D:1      | Reached XP level 2. HP: 20/27 MP: 2/2
   972 | D:1      | Reached XP level 3. HP: 33/33 MP: 3/3
  1371 | D:2      | Found a glowing golden altar of the Shining One.
  1451 | D:2      | Found an iron altar of Okawaru.
  1474 | D:2      | HP: 2/49 [poisoned by an adder]
  1476 | D:2      | Succumbed to an adder's poison

Vault maps used:
D:1:      ncdulo_halloftheorcs, kennysheep_boxes
D:2:      nicolae_overflow_hidden_temple, old_standard_altar,
          old_standard_altar, first_bread

Skill      XL: |  1  2  3 |
---------------+----------+-----
Axes           | 3 |  3.0
Fighting       | |  3.9
Armour         | |  3.9
Dodging        | |  0.5
Shields        | |  3.7

Action                   || total
-------------------------++-------
Melee: War axe           ||   129
  Use: Potion            ||     2
  Eat: Bread ration      ||     1
Armor: Scale mail        ||    72
Dodge: Dodged            ||    40
Block: Shield            ||    78
